TOP OF THE 1ST |
Everett AquaSox batting - Pitching for Hudson Valley Renegades : RHP Adam Householder
|
Pitching: RHP Adam Householder
|
|
Batting: SHB Tony Morales
|
0-0: Called Strike 0-1: Ground out 4-3 (Groundball, 4M, EV 86.9 MPH)
|
Batting: RHB Eddie Luna
|
0-0: Swinging Strike 0-1: Foul Ball, location: 2F 0-2: Strikes out swinging
|
Batting: RHB Marco Diaz
|
0-0: Ball 1-0: Ball 2-0: SINGLE (Groundball, 34D, EV 103.8 MPH)
|
Batting: LHB Chris Jackson
|
0-0: Fly out, F5 (Popup, 56S, EV 73.8 MPH)
|
Top of the 1st over - 0 runs, 1 hit, 0 errors, 1 left on base; Everett 0 - Hudson Valley 0 |
BOTTOM OF THE 1ST |
Hudson Valley Renegades batting - Pitching for Everett AquaSox : RHP Trevor Jacobsen
|
Pitching: RHP Trevor Jacobsen
|
|
Batting: LHB Dan Hunt
|
0-0: Called Strike 0-1: Foul Ball, location: 2F 0-2: Foul Ball, location: 2F 0-2: Ground out 4-3 (Groundball, 4, EV 101.2 MPH)
|
Batting: SHB Josif Popovski
|
0-0: Called Strike 0-1: Called Strike 0-2: Ball 1-2: Ball 2-2: Ground out 6-3 (Groundball, 6, EV 87.5 MPH)
|
Batting: LHB Rocky Crowley
|
0-0: Ball 1-0: Swinging Strike 1-1: Foul Ball, location: 2F 1-2: Ball 2-2: SOLO HOME RUN (Flyball, 7LD, EV 96.9 MPH), Distance : 342 ft
|
Batting: LHB Jonathan Spino
|
0-0: Called Strike 0-1: Called Strike 0-2: Ball 1-2: Strikes out looking
|
Bottom of the 1st over - 1 run, 1 hit, 0 errors, 0 left on base; Everett 0 - Hudson Valley 1 |
TOP OF THE 2ND |
Everett AquaSox batting - Pitching for Hudson Valley Renegades : RHP Adam Householder
|
Batting: RHB Matt Fenimore
|
0-0: Called Strike 0-1: Swinging Strike 0-2: Ball 1-2: Ball 2-2: Ball 3-2: Strikes out looking
|
Batting: LHB William Gonzales
|
0-0: Fly out, F8 (Flyball, 8LD, EV 91.9 MPH)
|
Batting: RHB Jose Zuniga
|
0-0: Ball 1-0: Called Strike 1-1: DOUBLE (Groundball, 5L, EV 98.1 MPH)
|
Batting: RHB Tai Joo
|
0-0: Ball 1-0: Called Strike 1-1: Ball 2-1: Ball 3-1: Fly out, F8 (Flyball, 8RXD, EV 108.8 MPH)
|
Top of the 2nd over - 0 runs, 1 hit, 0 errors, 1 left on base; Everett 0 - Hudson Valley 1 |
BOTTOM OF THE 2ND |
Hudson Valley Renegades batting - Pitching for Everett AquaSox : RHP Trevor Jacobsen
|
Batting: RHB Jon Gonzales
|
0-0: Called Strike 0-1: Ball 1-1: Foul Ball, location: 2F 1-2: Foul Ball, location: 2F 1-2: Foul Ball, location: 2F 1-2: Ball 2-2: Strikes out swinging
|
Batting: LHB Helmut Steggall
|
0-0: Ball 1-0: Foul Ball, location: 2F 1-1: Called Strike 1-2: Foul Ball, location: 2F 1-2: Strikes out swinging
|
Batting: RHB Alex Koral
|
0-0: Ball 1-0: Ball 2-0: Called Strike 2-1: Swinging Strike 2-2: Strikes out swinging, 2-3 out at first.
|
Bottom of the 2nd over - 0 runs, 0 hits, 0 errors, 0 left on base; Everett 0 - Hudson Valley 1 |
TOP OF THE 3RD |
Everett AquaSox batting - Pitching for Hudson Valley Renegades : RHP Adam Householder
|
Batting: RHB James Bickel
|
0-0: Ball 1-0: Called Strike 1-1: Foul Ball, location: 2F 1-2: Ball 2-2: Foul Ball, location: 2F 2-2: Ball 3-2: Fly out, F9 (Flyball, 89M, EV 97.5 MPH)
|
Batting: SHB Tony Morales
|
0-0: Ground out 6-3 (Groundball, 56D, EV 110.0 MPH)
|
Batting: RHB Eddie Luna
|
0-0: DOUBLE (Flyball, 8RXD, EV 109.4 MPH)
|
Batting: RHB Marco Diaz
|
0-0: Ground out 4-3 (Groundball, 4, EV 90.0 MPH)
|
Top of the 3rd over - 0 runs, 1 hit, 0 errors, 1 left on base; Everett 0 - Hudson Valley 1 |
BOTTOM OF THE 3RD |
Hudson Valley Renegades batting - Pitching for Everett AquaSox : RHP Trevor Jacobsen
|
Batting: RHB Evan Chalarian
|
0-0: Ball 1-0: Ground out 5-3 (Groundball, 56, EV 98.1 MPH)
|
Batting: LHB Alex Genao
|
0-0: DOUBLE (Flyball, 78D, EV 97.5 MPH)
|
Batting: LHB Dan Hunt
|
0-0: Called Strike 0-1: SINGLE (Groundball, 4MD, EV 102.5 MPH) Alex Genao to third Runner from 3rd tries for Home, SAFE, throw by CF to home
|
Batting: SHB Josif Popovski
|
0-0: Ball 1-0: Called Strike Dan Hunt steals 2nd base 1-1: DOUBLE (Line Drive, 78M, EV 101.2 MPH) Dan Hunt scores
|
Batting: LHB Rocky Crowley
|
0-0: Called Strike 0-1: Ball 1-1: Fly out, F8 (Line Drive, 8LM, EV 92.5 MPH)
|
Batting: LHB Jonathan Spino
|
0-0: Ball 1-0: Ball Wild Pitch! Josif Popovski to third 2-0: SINGLE (Groundball, 34D, EV 106.2 MPH) Josif Popovski scores
|
Batting: RHB Jon Gonzales
|
0-0: Called Strike Jonathan Spino is caught stealing 2nd base 2-4
|
Bottom of the 3rd over - 3 runs, 4 hits, 0 errors, 0 left on base; Everett 0 - Hudson Valley 4 |
TOP OF THE 4TH |
Everett AquaSox batting - Pitching for Hudson Valley Renegades : RHP Adam Householder
|
Batting: LHB Chris Jackson
|
0-0: Called Strike 0-1: Swinging Strike 0-2: Strikes out swinging
|
Batting: RHB Matt Fenimore
|
0-0: Called Strike 0-1: Ball 1-1: Foul Ball, location: 2F 1-2: Strikes out swinging, 2-3 out at first.
|
Batting: LHB William Gonzales
|
0-0: Called Strike 0-1: Called Strike 0-2: Ball 1-2: SINGLE (Groundball, 56D, EV 93.8 MPH)
|
Batting: RHB Jose Zuniga
|
0-0: Called Strike 0-1: Hit by Pitch William Gonzales to second
|
Batting: RHB Tai Joo
|
0-0: Ball 1-0: Called Strike 1-1: Ball 2-1: SINGLE (Groundball, 6D, EV 106.2 MPH) William Gonzales to third Jose Zuniga to second
|
Batting: RHB James Bickel
|
0-0: Foul Ball, location: 2F 0-1: Swinging Strike 0-2: Strikes out looking
|
Top of the 4th over - 0 runs, 2 hits, 0 errors, 3 left on base; Everett 0 - Hudson Valley 4 |
BOTTOM OF THE 4TH |
Hudson Valley Renegades batting - Pitching for Everett AquaSox : RHP Trevor Jacobsen
|
Batting: RHB Jon Gonzales
|
0-0: Ball 1-0: Foul Ball, location: 2F 1-1: Ball 2-1: Ground out 6-3 (Groundball, 6, EV 90.6 MPH)
|
Batting: LHB Helmut Steggall
|
0-0: Foul Ball, location: 2F 0-1: Foul Ball, location: 2F 0-2: Ball 1-2: Strikes out looking
|
Batting: RHB Alex Koral
|
0-0: Called Strike 0-1: Called Strike 0-2: Strikes out swinging
|
Bottom of the 4th over - 0 runs, 0 hits, 0 errors, 0 left on base; Everett 0 - Hudson Valley 4 |
TOP OF THE 5TH |
Everett AquaSox batting - Pitching for Hudson Valley Renegades : RHP Adam Householder
|
Batting: SHB Tony Morales
|
0-0: SINGLE (Groundball, 6MD, EV 103.8 MPH) (infield hit)
|
Batting: RHB Eddie Luna
|
0-0: Ball 1-0: Ball 2-0: Called Strike Tony Morales steals 2nd base 2-1: Called Strike 2-2: Strikes out swinging
|
Batting: RHB Marco Diaz
|
0-0: Ball 1-0: SINGLE (Groundball, 34D, EV 96.2 MPH) Tony Morales to third Runner from 3rd tries for Home, SAFE, throw by RF to home
|
Batting: LHB Chris Jackson
|
0-0: Ball 1-0: Called Strike 1-1: Ball 2-1: Foul Ball, location: 2F 2-2: Strikes out looking
|
Batting: RHB Matt Fenimore
|
0-0: Foul Ball, location: 2F 0-1: Ball 1-1: Ball Marco Diaz steals 2nd base 2-1: Foul Ball, location: 2F 2-2: Ball 3-2: 2-RUN HOME RUN (Line Drive, 89XD, EV 105.0 MPH), Distance : 411 ft
|
Batting: LHB William Gonzales
|
0-0: Ground out 4-3 (Groundball, 4, EV 94.4 MPH)
|
Top of the 5th over - 3 runs, 3 hits, 0 errors, 0 left on base; Everett 3 - Hudson Valley 4 |
BOTTOM OF THE 5TH |
Hudson Valley Renegades batting - Pitching for Everett AquaSox : RHP Trevor Jacobsen
|
Batting: RHB Evan Chalarian
|
0-0: Ball 1-0: Called Strike 1-1: Ball 2-1: Swinging Strike 2-2: Foul Ball, location: 2F 2-2: Strikes out swinging
|
Batting: LHB Alex Genao
|
0-0: Called Strike 0-1: Called Strike 0-2: Strikes out looking
|
Batting: LHB Dan Hunt
|
0-0: Called Strike 0-1: SINGLE (Line Drive, 4D, EV 100.0 MPH)
|
Batting: SHB Josif Popovski
|
0-0: Called Strike Dan Hunt is caught stealing 2nd base 2-6
|
Bottom of the 5th over - 0 runs, 1 hit, 0 errors, 0 left on base; Everett 3 - Hudson Valley 4 |
TOP OF THE 6TH |
Everett AquaSox batting - Pitching for Hudson Valley Renegades : RHP Adam Householder
|
Batting: RHB Jose Zuniga
|
0-0: Called Strike 0-1: SINGLE (Groundball, 34D, EV 106.2 MPH)
|
Batting: RHB Tai Joo
|
0-0: Fly out, F7 (Flyball, 7S, EV 79.4 MPH)
|
Batting: RHB James Bickel
|
0-0: Fielders Choice at 2nd, 5-4 (Groundball, 56, EV 85.0 MPH)
|
Batting: SHB Tony Morales
|
0-0: Ball 1-0: Fly out, F9 (Flyball, 9D, EV 96.2 MPH)
|
Top of the 6th over - 0 runs, 1 hit, 0 errors, 1 left on base; Everett 3 - Hudson Valley 4 |
BOTTOM OF THE 6TH |
Hudson Valley Renegades batting - Pitching for Everett AquaSox : RHP Trevor Jacobsen
|
Batting: SHB Josif Popovski
|
0-0: Ball 1-0: Ball 2-0: Called Strike 2-1: Ground out 4-3 (Groundball, 4, EV 108.8 MPH)
|
Batting: LHB Rocky Crowley
|
0-0: Ball 1-0: Foul Ball, location: 2F 1-1: Ball 2-1: TRIPLE (Flyball, 78XD, EV 95.0 MPH)
|
Batting: LHB Jonathan Spino
|
0-0: Intentional Walk
|
Batting: RHB Jon Gonzales
|
0-0: Hit by Pitch Jonathan Spino to second
|
Batting: LHB Helmut Steggall
|
0-0: Ball Wild Pitch! Rocky Crowley scores Jonathan Spino to third Jon Gonzales to second 1-0: Called Strike 1-1: Ball 2-1: Called Strike 2-2: Foul Ball, location: 2F 2-2: Strikes out swinging
|
Pitching: RHP Dan Johnson
|
|
Batting: RHB Alex Koral
|
0-0: Ball 1-0: Swinging Strike 1-1: Swinging Strike 1-2: Strikes out swinging
|
Bottom of the 6th over - 1 run, 1 hit, 0 errors, 2 left on base; Everett 3 - Hudson Valley 5 |
TOP OF THE 7TH |
Everett AquaSox batting - Pitching for Hudson Valley Renegades : RHP Adam Householder
|
Batting: RHB Eddie Luna
|
0-0: Ball 1-0: Foul Ball, location: 2F 1-1: Ball 2-1: Foul Ball, location: 2F 2-2: Strikes out swinging
|
Batting: RHB Marco Diaz
|
0-0: Swinging Strike 0-1: Swinging Strike 0-2: Strikes out swinging
|
Batting: LHB Chris Jackson
|
0-0: Ball 1-0: Ground out 4-3 (Groundball, 4M, EV 105.0 MPH)
|
Top of the 7th over - 0 runs, 0 hits, 0 errors, 0 left on base; Everett 3 - Hudson Valley 5 |
BOTTOM OF THE 7TH |
Hudson Valley Renegades batting - Pitching for Everett AquaSox : RHP Dan Johnson
|
Batting: RHB Evan Chalarian
|
0-0: Called Strike 0-1: Ball 1-1: Swinging Strike 1-2: Ground out 6-3 (Groundball, 6, EV 102.5 MPH)
|
Batting: LHB Alex Genao
|
0-0: Called Strike 0-1: Fly out, F8 (Flyball, 8LD, EV 98.8 MPH)
|
Batting: LHB Dan Hunt
|
0-0: Fly out, F7 (Flyball, 78M, EV 77.5 MPH)
|
Bottom of the 7th over - 0 runs, 0 hits, 0 errors, 0 left on base; Everett 3 - Hudson Valley 5 |
TOP OF THE 8TH |
Everett AquaSox batting - Pitching for Hudson Valley Renegades : RHP Adam Householder
|
Batting: RHB Matt Fenimore
|
0-0: Called Strike 0-1: Ball 1-1: Ball 2-1: Foul Ball, location: 2F 2-2: Strikes out swinging
|
Batting: LHB William Gonzales
|
0-0: Foul Ball, location: 2F 0-1: Swinging Strike 0-2: SINGLE (Line Drive, 7S, EV 91.9 MPH)
|
Batting: RHB Jose Zuniga
|
0-0: Ball Wild Pitch! William Gonzales to second 1-0: Ball 2-0: Called Strike 2-1: Called Strike 2-2: Ball 3-2: Strikes out swinging
|
Pitching: RHP Joe Green
|
|
Batting: RHB Tai Joo
|
0-0: Ball 1-0: Swinging Strike 1-1: Swinging Strike 1-2: Strikes out swinging
|
Top of the 8th over - 0 runs, 1 hit, 0 errors, 1 left on base; Everett 3 - Hudson Valley 5 |
BOTTOM OF THE 8TH |
Hudson Valley Renegades batting - Pitching for Everett AquaSox : RHP Dan Johnson
|
Batting: SHB Josif Popovski
|
0-0: Swinging Strike 0-1: Ball 1-1: SINGLE (Groundball, 25, EV 68.1 MPH) (infield hit)
|
Batting: LHB Rocky Crowley
|
0-0: Ball Josif Popovski steals 2nd base 1-0: Called Strike Josif Popovski steals 3rd base (no throw) 1-1: Foul Ball, location: 2F 1-2: Ball 2-2: Foul Ball, location: 2F 2-2: Ball 3-2: Foul Ball, location: 2F 3-2: SINGLE (Groundball, 4D, EV 96.2 MPH) Josif Popovski scores
|
Pitching: RHP Jim Tremel
|
|
Batting: LHB Jonathan Spino
|
0-0: Foul Ball, location: 2F 0-1: Foul Ball, location: 2F 0-2: Ball 1-2: SINGLE (Groundball, 4MD, EV 102.5 MPH) Rocky Crowley to second Runner from 2nd tries for 3rd, SAFE, no throw by CF
|
Batting: RHB Jon Gonzales
|
0-0: Ball 1-0: Ball 2-0: Ball 3-0: Base on Balls Jonathan Spino to second
|
Batting: LHB Helmut Steggall
|
0-0: Called Strike 0-1: Ball 1-1: Foul Ball, location: 2F 1-2: Ball 2-2: Ball 3-2: Foul Ball, location: 2F 3-2: Base on Balls Rocky Crowley scores Jonathan Spino to third Jon Gonzales to second
|
Batting: RHB Alex Koral
|
0-0: Ball 1-0: Called Strike 1-1: Ball 2-1: Called Strike 2-2: Ball 3-2: Base on Balls Jonathan Spino scores Jon Gonzales to third Helmut Steggall to second
|
Pitching: RHP Jamie Johnston
|
|
Batting: RHB Evan Chalarian
|
0-0: SINGLE (Groundball, 6MS, EV 68.1 MPH) (infield hit) Jon Gonzales scores Helmut Steggall to third Alex Koral to second
|
Batting: LHB Alex Genao
|
0-0: Fly out, F7 (Line Drive, 7S, EV 91.9 MPH)
|
Batting: LHB Dan Hunt
|
0-0: Ball 1-0: TRIPLE (Line Drive, 89XD, EV 106.2 MPH) Helmut Steggall scores Alex Koral scores Evan Chalarian scores
|
Pinch Hitting: RHB Devin Brown
|
0-0: Ground out 4-3 (Groundball, 4, EV 87.5 MPH) Dan Hunt scores
|
Pinch Hitting: SHB Chris Lockart
|
0-0: Ball 1-0: Foul Ball, location: 2F 1-1: Ball 2-1: Ball 3-1: Swinging Strike 3-2: Strikes out swinging
|
Bottom of the 8th over - 8 runs, 5 hits, 0 errors, 0 left on base; Everett 3 - Hudson Valley 13 |
TOP OF THE 9TH |
Everett AquaSox batting - Pitching for Hudson Valley Renegades : RHP Joe Green
|
Now at 2B: Devin Brown
|
|
Now at SS: Alex Genao
|
|
Now in LF: Jonathan Spino
|
|
Now in RF: Chris Lockart
|
|
Pinch Hitting: LHB Ryan Daniels
|
0-0: Called Strike 0-1: Ball 1-1: Foul Ball, location: 2F 1-2: Strikes out looking
|
Pinch Hitting: RHB Roberto Medina
|
0-0: Fly out, F9 (Flyball, 9, EV 87.5 MPH)
|
Batting: RHB Eddie Luna
|
0-0: Called Strike 0-1: Swinging Strike 0-2: Ball 1-2: Foul Ball, location: 2F 1-2: Foul Ball, location: 2F 1-2: Ball 2-2: Foul Ball, location: 2F 2-2: SINGLE (Line Drive, 6MD, EV 108.8 MPH)
|
Batting: RHB Marco Diaz
|
0-0: Called Strike 0-1: Foul Ball, location: 2F 0-2: Fly out, F9 (Line Drive, 89D, EV 100.0 MPH)
|
Top of the 9th over - 0 runs, 1 hit, 0 errors, 1 left on base; Everett 3 - Hudson Valley 13 |
|